 Dungeon Crawl Stone Soup version 0.19.0-2-gae57169 (webtiles) character file.

496463 FoghornLeghorn the Wrestler (level 23, -10/192 HPs)
             Began as a Troll Summoner on Nov 6, 2016.
             Was the Champion of Yredelemnul.
             Mangled by a large slime creature (32 damage)
             ... on level 4 of the Pits of Slime on Nov 7, 2016.
             The game lasted 06:09:55 (61192 turns).

FoghornLeghorn the Wrestler (Troll Summoner)       Turns: 61192, Time: 06:09:58

Health: -10/192    AC: 22    Str: 24    XL:     23   Next: 97%
Magic:  37/37      EV: 14    Int: 13    God:    Yredelemnul [******]
Gold:   2660       SH:  0    Dex: 17    Spells: 5 memorised, 12 levels left

rFire  . . .     SeeInvis .       - Unarmed
rCold  + . .     Gourm    +     h - +7 pearl dragon scales of Vanity {rC+ rN+}
rNeg   + + +     Faith    .     D - +7 large shield {rPois}
rPois  +         Spirit   .     X - +2 hat
rElec  .         Reflect  .     T - +0 cloak of Pitiv {rN++}
rCorr  +         Harm     .     (gloves unavailable)
MR     +....                    (boots unavailable)
Stlth  ..........               g - amulet of Plog {+Rage MP+9 Int+2}
                                P - +3 ring of slaying
                                R - ring of resist corrosion

@: confused, corroded
A: unfitting armour, claws 3, fast metabolism 3, frail 2, gourmand, regeneration
1, screaming 1, shaggy fur 1, strong 1, tough skin 2, wild magic 1
a: Recall Undead Slaves, Injury Mirror, Animate Dead, Drain Life, Enslave Soul,
Renounce Religion, Evoke Berserk Rage
}: 2/15 runes: decaying, serpentine


You were on level 4 of the Pits of Slime.
You worshipped Yredelemnul.
Yredelemnul was exalted by your worship.
You were not hungry.

You visited 10 branches of the dungeon, and saw 48 of its levels.
You visited the Abyss 1 time.
You visited 1 bazaar.
You also visited: Labyrinth, Ice Cave, Volcano and Wizlab.

You collected 4624 gold pieces.
You spent 1964 gold pieces at shops.

Inventory:

Armour
 h - the +7 pearl dragon scales of Vanity (worn) {rC+ rN+}
   (You acquired it on level 1 of the Depths)

   It protects you from cold.
   It protects you from negative energy.
 D - a +7 large shield of poison resistance (worn)
 T - the +0 cloak of Pitiv (worn) {rN++}
   (You found it in a labyrinth)

   It greatly protects you from negative energy.
 X - a +2 hat (worn)
Rods
 p - a +2 rod of shadows (11/11)
   (You found it on level 2 of the Dungeon)
Jewellery
 g - the amulet of Plog (around neck) {+Rage MP+9 Int+2}
   (You found it on level 6 of the Lair of Beasts)

   [amulet of rage]

   It affects your intelligence (+2).
   It affects your magic capacity (+9).
   It lets you go berserk.
 q - an uncursed ring of flight
 H - an uncursed ring of see invisible
 P - a +3 ring of slaying (right claw)
 R - a ring of resist corrosion (left claw)
 W - an uncursed ring of protection from magic
 Y - an uncursed ring of fire
Wands
 f - a wand of iceblast (5/15)
 C - a wand of hasting (4/9)
 I - a wand of disintegration (5/24)
 J - a wand of heal wounds (2/9)
 M - a wand of iceblast (9/15)
 O - a wand of digging (14/24)
Scrolls
 b - 5 scrolls of silence
 m - 7 scrolls of identify
 o - 7 scrolls of fog
 t - 5 scrolls of blinking
 u - 2 scrolls of summoning
 w - 8 scrolls of teleportation
 B - 2 scrolls of amnesia
 F - a scroll of magic mapping
 G - 12 scrolls of remove curse
 K - 2 scrolls of recharging
 Z - 5 scrolls of fear
Potions
 a - 3 potions of magic
 e - 2 potions of ambrosia
 i - 4 potions of might
 k - 7 potions of agility
 n - 10 potions of curing
 r - 4 potions of brilliance
 s - 3 potions of flight
 x - 6 potions of resistance
 A - 3 potions of invisibility
 N - 7 potions of haste
 S - 2 potions of berserk rage
 U - a potion of cancellation
Miscellaneous
 v - a phial of floods
 E - a sack of spiders
 Q - a box of beasts
Comestibles
 c - 13 bread rations
 z - 41 fruits
 L - 2 beef jerkies


   Skills:
 + Level 16.8 Fighting
 - Level 15.0 Armour
 + Level 9.3 Dodging
 - Level 1.0 Stealth
 - Level 15.0 Shields
 - Level 23.3 Unarmed Combat
 - Level 1.2 Spellcasting
 - Level 2.9 Summonings
 - Level 9.0 Invocations
 - Level 7.9 Evocations


You had 12 spell levels left.
You knew the following spells:

 Your Spells              Type           Power        Failure   Level  Hunger
a - Summon Small Mammal   Summ           ##..         28%         1    ##.....
b - Call Canine Familiar  Summ           ##......     69%         3    ####...
c - Apportation           Tloc           #.........   77%         1    ##.....
d - Repel Missiles        Chrm/Air       #.....       92%         2    ###....
e - Silence               Hex/Air        #.........   100%        5    ######.


Dungeon Overview and Level Annotations

Branches:
Dungeon (15/15)            Temple (1/1) D:6            Lair (6/6) D:9
  Swamp (4/4) Lair:2        Snake (4/4) Lair:4        Slime (5/5) Lair:6
    Orc (2/2) D:11            Elf (2/3) Orc:2        Vaults (4/5) D:13
  Crypt (0/3) Vaults:3     Depths (5/5) D:15            Zot (0/5) Depths:5

Altars:
Ashenzari
Cheibriados
Dithmenos
Elyvilon
Fedhas
Gozag
Hepliaklqana
Kikubaaqudgha
Makhleb
Nemelex Xobeh
Okawaru
Qazlal
Ru
Sif Muna
Trog
Uskayaw
Vehumet
Xom
Yredelemnul
Zin
The Shining One
Beogh

Shops:
D:14 (   Orc:2 [([!   Elf:2 }   Snake:2 [   Vaults:3 *   Depths:3 (%?

Portals:
Hell: Depths:1 Depths:2 Depths:3 Depths:4 Depths:5
Abyss: Depths:1 Depths:3 Depths:4
Pandemonium: Depths:1 Depths:3
Ziggurat: Depths:1
Trove: D:15 (show slimy rune of Zot)

Annotations:
D:3 laceratedsky's ghost, amateur MiBe
Elf:2 3 runed doors
Vaults:4 Mara; Margery


Innate Abilities, Weirdness & Mutations

You are too large for most types of armour.
You have claws for hands.
Your metabolism is lightning-fast.
You like to eat raw meat.
Your natural rate of healing is unusually fast.
You are covered in fur. (AC +1)
You have very tough skin. (AC +2)
You are very frail. (-20% HP)
You occasionally shout uncontrollably at your foes.
Your muscles are strong. (Str +2)
Your spells are a little harder to cast, but a little more powerful.


Message History

The azure jelly freezes you! You resist.
* * * LOW HITPOINT WARNING * * *
The azure jelly hits you but does no damage.
The azure jelly misses you.
You feel much better. The large slime creature misses you.
The large slime creature barely misses you.
The azure jelly misses you.
The azure jelly hits you but does no damage. x2
The azure jelly hits you!
* * * LOW HITPOINT WARNING * * *
Unknown command.
You eviscerate the azure jelly!!!
You kill the azure jelly!
Yredelemnul accepts your kill.
The large slime creature hits you but does no damage.
The golden eye blinks at you.
You are more confused.
The large slime creature hits you!!
You die...
Your body rises from the dead as a mindless zombie.

####.........##
.#.#.#.........#
#..............#
.#..............#
................#
..........#....#
...............#
..#....JJG.>..##
........@G.....#
.......GGG......#
...............##
....#..........#
... #....W.....#
.. .....J......#
. ..#..........#
.#............


You could see 2 large slime creatures, a slime creature, a shining eye, 4 golden
eyes and a friendly phantasmal warrior.

Vanquished Creatures
  A juggernaut (Depths:5)
  Vashnia (Snake:2)
  Xtahua (Depths:4)
  3 caustic shrikes
  Nikola (Depths:2)
  Saint Roka (Snake:2)
  2 golden dragons
  Jorgrun (Depths:3)
  The ghost of particleface the Phalangite, an adept MfGl of Okawaru (Vaults:3)
  Rupert (Lair:6)
  A Cloud Mage (WizLab)
  3 tentacled monstrosities
  5 liches
  The ghost of stebl the Bludgeoner, an adept OgBe of Trog (Snake:3)
  The ghost of rjaguar3 the Bludgeoner, an adept MiBe of Trog (Snake:4)
  6 acid blobs
  An Executioner (Vaults:1)
  Kirke (Swamp:2)
  3 thorn hunters (Swamp:4)
  4 sphinxes
  Frances (Elf:1)
  4 tengu reavers
  3 shadow dragons
  2 storm dragons (Depths:4)
  4 azure jellies
  8 fire giants
  6 nagarajas
  7 frost giants
  Aizul (Snake:3)
  11 vault wardens
  A deep elf sorcerer (Vaults:2)
  Louise (Depths:3)
  A draconian shifter (Depths:5)
  An orc warlord (Orc:2)
  A spriggan defender (Depths:4)
  19 very ugly things
  A deep elf elementalist (Elf:1)
  18 stone giants
  A draconian caller (Depths:5)
  13 ironheart preservers
  2 green draconians (Depths:5)
  2 deep elf annihilators
  4 deep elf demonologists
  5 vampire knights
  A black draconian (Depths:5)
  2 purple draconians (Depths:5)
  The ghost of Acetwo5 the Scorcher, a journeyman DEFE of Vehumet (Lair:6)
  2 spark wasps
  10 ettins
  A green death (Depths:1)
  3 deep elf death magi
  The ghost of Konquest the Executioner, a journeyman MiBe of Trog (Lair:2)
  2 deep elf high priests
  A minotaur (Lab)
  Josephine (Lair:4)
  10 fire dragons
  4 vault guards
  8 rakshasas
  13 ogre magi
  15 yaktaur captains
  8 great orbs of eyes
  10 ice dragons
  An ice dragon (shapeshifter) (Vaults:3)
  21 hydras
  19 naga warriors
  A catoblepas (Lair:6)
  A ghost crab (Swamp:2)
  9 anacondas
  7 spriggan air magi
  11 tengu warriors
  9 centaur warriors
  11 deep troll shamans
  6 dancing weapons
  3 death knights
  An alligator (Swamp:2)
  2 orc high priests (Abyss:3)
  9 shock serpents
  4 thrashing horrors (Abyss:3)
  A shock serpent (shapeshifter) (Elf:2)
  3 death yaks (Lair:6)
  16 naga sharpshooters
  7 deep troll earth magi
  7 spriggan berserkers
  3 vampire magi
  2 wretched stars (Abyss:3)
  20 deep elf knights
  13 spriggans
  A sixfirhy (Depths:1)
  5 iron trolls
  2 salamander mystics
  8 hell knights
  A shadow wraith (Vaults:4)
  3 glowing orange brains
  3 skeletal warriors
  2 flayed ghosts
  4 unseen horrors
  23 deep trolls
  3 wizards
  3 spriggan druids
  A fire crab (shapeshifter) (Vaults:3)
  A lindwurm (Lair:6)
  9 ironbrand convokers
  8 swamp dragons
  4 shadow demons (Abyss:3)
  6 hill giants
  8 naga ritualists
  12 deep elf archers
  10 phantasmal warriors
  3 necromancers
  A harpy (shapeshifter) (Depths:1)
  7 harpies
  A shambling mangrove (Swamp:2)
  Pikel (D:4)
  12 orc knights
  An oklob plant (Lair:6)
  31 deep elf magi
  30 ugly things
  11 orc sorcerers
  7 wolf spiders
  18 salamanders
  12 mana vipers
  3 manticores
  5 cyclopes
  3 elephants (Lair:6)
  4 guardian serpents
  An elephant (shapeshifter) (Depths:5)
  2 black mambas (shapeshifter) (Depths:4)
  33 black mambas
  3 ice statues (IceCv)
  24 naga magi
  A toenail golem (Volcano)
  3 centaur zombies
  2 molten gargoyles (Volcano)
  An eye of devastation (shapeshifter) (Depths:3)
  A guardian serpent (shapeshifter) (Vaults:4)
  3 gargoyles
  A torpor snail (Lair:5)
  12 vault sentinels
  3 efreet (Volcano)
  2 rime drakes
  3 freezing wraiths
  11 spiny frogs
  51 yaktaurs
  A torpor snail (shapeshifter) (Elf:2)
  3 kobold demonologists
  A storm dragon simulacrum (Vaults:1)
  A rime drake (shapeshifter) (Depths:1)
  8 komodo dragons
  An ice devil (Depths:1)
  A merfolk (shapeshifter) (Depths:2)
  2 komodo dragons (shapeshifter)
  4 tengu conjurers
  A jumping spider (Vaults:3)
  5 polar bears
  5 trolls
  6 wind drakes (WizLab)
  20 two-headed ogres
  A blink frog (shapeshifter) (Vaults:3)
  10 hippogriffs
  A wolf spider simulacrum (D:14)
  4 tyrant leeches
  A hornet (shapeshifter) (Depths:2)
  18 hornets
  A two-headed ogre (shapeshifter) (Vaults:3)
  A hippogriff (shapeshifter) (Depths:4)
  3 blink frogs (Lair:6)
  5 bog bodies
  3 raiju (Abyss:3)
  44 slime creatures
  3 large abominations (Abyss:3)
  4 shadows
  A redback (shapeshifter) (Depths:3)
  23 air elementals
  2 ynoxinuls
  A redback (Vaults:3)
  3 water elementals
  A tarantella (Vaults:3)
  2 vampires (D:12)
  A yak (shapeshifter) (Vaults:3)
  A wyvern (shapeshifter) (Depths:2)
  4 basilisks
  A basilisk (shapeshifter) (Elf:1)
  A neqoxec (Abyss:3)
  24 yaks
  The ghost of Ocatamai the Ruffian, an amateur NaTm of Xom (D:4)
  6 wyverns
  16 humans
  A human (shapeshifter) (Abyss:3)
  2 wraiths (Lair:3)
  A chaos spawn (Depths:1)
  A hog (shapeshifter) (Depths:4)
  6 fire elementals
  3 hogs (Swamp:2)
  4 hungry ghosts
  20 vampire mosquitoes
  A steam dragon (D:14)
  A soldier ant (D:11)
  A warg (Vaults:3)
  Edmund (D:3)
  17 insubstantial wisps
  19 swamp worms
  2 mottled dragons
  53 nagas
  9 water moccasins
  A floating eye (Slime:5)
  6 porcupines
  A hornet zombie (D:14)
  5 phantoms
  3 black bears
  41 orc warriors
  5 swamp drakes
  4 sky beasts
  16 ice beasts
  3 necrophages
  4 starcursed masses (Abyss:3)
  16 centaurs
  38 ogres
  10 boggarts
  9 wolves (Lair:6)
  3 big kobolds
  10 crocodiles
  9 bullfrogs
  3 earth elementals
  A deep troll simulacrum (Vaults:4)
  A water moccasin skeleton (D:5)
  6 scorpions
  8 killer bees
  4 wights
  2 electric eels
  7 howler monkeys
  A bullfrog zombie (D:13)
  8 crimson imps
  30 orc priests
  A bullfrog skeleton (D:11)
  6 centaur skeletons
  A hound (D:6)
  2 jellies
  6 iguanas
  32 orc wizards
  9 worker ants
  2 hound zombies
  A hound skeleton (D:5)
  A worker ant zombie (D:7)
  Robin (D:2)
  7 gnolls
  A howler monkey skeleton (D:4)
  13 adders
  4 shadow imps
  A white imp (D:4)
  An ufetubus (Depths:3)
  3 oozes (D:3)
  2 adder zombies
  An adder skeleton (D:6)
  4 dart slugs
  8 leopard geckos
  114 orcs
  8 bats
  7 giant cockroaches
  13 goblins
  14 hobgoblins
  12 jackals
  5 quokkas
  6 ball pythons
  3 frilled lizards
  15 kobolds
  A leopard gecko zombie (D:7)
  A quokka zombie (D:10)
  9 rats
  A briar patch (Swamp:4)
  A crawling corpse (Vaults:3)
  A fire vortex (Volcano)
  A plant (Lair:6)
1822 creatures vanquished.

Vanquished Creatures (collateral kills)
  A juggernaut (Depths:2)
  Bai Suzhen (Vaults:3)
  Boris (Vaults:2)
  the Lernaean hydra (Swamp:4)
  A quicksilver dragon (Depths:1)
  An acid blob (Slime:3)
  A thorn hunter (Swamp:4)
  A shadow dragon (Depths:4)
  A nagaraja (Snake:4)
  A fire giant (Vaults:4)
  A vault warden (Vaults:3)
  4 ironheart preservers
  3 stone giants
  An entropy weaver (Vaults:3)
  A vampire knight (Depths:2)
  A white draconian (Depths:5)
  A spark wasp (Depths:2)
  2 ettins
  3 yaktaur captains
  A fire dragon (Depths:5)
  An ogre mage (Depths:2)
  A great orb of eyes (Depths:2)
  8 hydras
  2 vault guards (Vaults:3)
  A naga warrior (Snake:3)
  A spriggan air mage (WizLab)
  A centaur warrior (Vaults:3)
  An alligator (Swamp:3)
  A deep troll earth mage (Depths:1)
  2 deep troll shamans (Depths:1)
  A tengu warrior (D:15)
  2 naga sharpshooters (Snake:4)
  A thrashing horror (Abyss:3)
  Urug (D:11)
  2 spriggans (Swamp:3)
  2 deep elf knights (Vaults:1)
  2 hell knights
  3 deep trolls (Depths:1)
  3 skeletal warriors (Vaults:1)
  5 deep elf archers (Elf:1)
  A shambling mangrove (Swamp:4)
  A glowing orange brain (Slime:5)
  4 swamp dragons (Swamp:4)
  2 naga ritualists
  A phantasmal warrior (Depths:2)
  A wizard (Depths:1)
  An orc knight (Vaults:4)
  An orb spider (shapeshifter) (Vaults:3)
  3 ironbrand convokers
  A mana viper (Snake:3)
  6 ugly things
  3 deep elf magi
  2 cyclopes (D:11)
  6 shining eyes
  2 oklob plants (Lair:6)
  A salamander (Snake:4)
  A centaur zombie (D:14)
  8 black mambas
  An elephant (Lair:6)
  4 vault sentinels
  3 naga magi
  2 spiny frogs
  A rime drake (Lair:6)
  A centaur skeleton (D:11)
  6 yaktaurs
  A tengu conjurer (Depths:1)
  2 komodo dragons
  3 tyrant leeches
  5 two-headed ogres
  A wind drake (WizLab)
  A raiju (Abyss:3)
  7 hornets
  A blink frog (Lair:6)
  A bog body (Swamp:3)
  A hippogriff (Lair:3)
  18 slime creatures
  6 air elementals (WizLab)
  A redback (Vaults:3)
  3 wraiths
  A wyvern (D:10)
  5 yaks
  A basilisk (Lair:6)
  4 vampire mosquitoes (Swamp:4)
  2 wargs (Orc:2)
  3 insubstantial wisps
  A swamp worm (Swamp:1)
  A mottled dragon (Vaults:2)
  7 nagas
  A water moccasin (Lair:4)
  2 porcupines (Lair:4)
  3 swamp drakes (Swamp:4)
  5 orc warriors
  A sky beast (D:9)
  2 black bears
  An eye of draining (Slime:5)
  4 ogres
  6 wolves (Lair:6)
  A boggart (Vaults:2)
  2 crocodiles
  3 bullfrogs
  2 earth elementals (Elf:1)
  12 killer bees
  3 wights (D:11)
  A howler monkey (D:11)
  2 crimson imps
  2 hounds
  3 orc priests (Orc:2)
  3 orc wizards
  A worker ant (D:11)
  A hound skeleton (D:9)
  2 adders
  8 orcs
  A jackal (D:11)
  2 quokkas
  A bat (D:9)
  A rat (D:9)
  A bush (Lair:6)
  A butterfly (Lair:4)
  7 fungi
  2 plants
295 creatures vanquished.

Vanquished Creatures (others)
  An ironheart preserver (Vaults:3)
  3 ghouls
  A vampire knight (Depths:2)
  A deep elf knight (Orc:2)
  4 flayed ghosts
  An unseen horror (Vaults:1)
  10 skeletal warriors
  An anaconda zombie (Snake:4)
  6 phantasmal warriors
  5 ugly thing zombies
  A draconian zombie (Depths:5)
  A sphinx zombie (Vaults:4)
  A stone giant zombie (Vaults:3)
  2 centaur zombies
  A shock serpent zombie (Snake:3)
  A shock serpent skeleton (Snake:4)
  3 naga skeletons (Snake:4)
  A catoblepas zombie (Lair:6)
  3 hydra zombies (Swamp:4)
  A hornet (D:14)
  A jumping spider zombie (Vaults:3)
  A wind drake (WizLab)
  An ice dragon zombie (Vaults:4)
  3 black mamba zombies (Snake:4)
  A water elemental (Elf:1)
  11 flying skulls
  2 wraiths (Swamp:4)
  A tyrant leech zombie (Swamp:4)
  3 black mamba skeletons
  A wind drake zombie (WizLab)
  A human (Swamp:2)
  13 vampires
  A hill giant zombie (D:15)
  An insubstantial wisp (WizLab)
  A deep troll zombie (Vaults:4)
  A spiny frog zombie (Lair:5)
  A deep troll skeleton (Vaults:4)
  A sky beast (shapeshifter) (Vaults:1)
  An orc warrior (Snake:3)
  4 human zombies
  An elf zombie (Vaults:1)
  4 ogres
  A swamp dragon zombie (Swamp:4)
  2 blink frog zombies (Lair:6)
  2 boggarts
  A blink frog skeleton (Lair:6)
  A vampire mosquito zombie (Swamp:4)
  A salamander zombie (Snake:4)
  5 yaktaur zombies
  A bullfrog (D:14)
  An elf skeleton (Lair:6)
  A troll zombie (Vaults:1)
  4 wights
  An electric eel (D:14)
  2 two-headed ogre zombies (Vaults:1)
  A bullfrog zombie (Lair:2)
  A hound (D:5)
  A human skeleton (Lair:6)
  A killer bee zombie (D:10)
  18 naga zombies
  3 ogre zombies
  2 dwarf skeletons (Lair:6)
  A mummy (Lair:3)
  A worker ant zombie (D:7)
  A howler monkey zombie (D:9)
  An adder zombie (D:9)
  2 orcs
  3 kobold zombies (D:9)
  2 orc skeletons (D:7)
  14 orc zombies
  A crawling corpse (Vaults:3)
  2 fire vortices (Volcano)
  4 fungi
  7 plants
192 creatures vanquished.

Grand Total: 2309 creatures vanquished

Notes
Turn   | Place    | Note
-------+----------+-------------------------------------------
     0 | D:1      | FoghornLeghorn the Troll Summoner began the quest for the Orb.
     0 | D:1      | Reached XP level 1. HP: 16/16 MP: 1/1
    80 | D:1      | Reached skill level 1 in Unarmed Combat
   226 | D:1      | Reached XP level 2. HP: 24/24 MP: 2/2
   250 | D:1      | Reached skill level 2 in Unarmed Combat
   830 | D:2      | Reached XP level 3. HP: 26/31 MP: 0/3
   890 | D:2      | Reached skill level 3 in Unarmed Combat
   966 | D:2      | Found a sparkling altar of Nemelex Xobeh.
  1011 | D:2      | Reached XP level 4. HP: 33/39 MP: 4/4
  1285 | D:2      | Reached skill level 4 in Unarmed Combat
  1503 | D:3      | Noticed Robin
  1509 | D:3      | Noticed laceratedsky's ghost (amateur MiBe)
  1762 | D:2      | Killed Robin
  1889 | D:3      | Reached XP level 5. HP: 42/45 MP: 5/5
  2010 | D:3      | Found a hide-covered altar of Uskayaw.
  2012 | D:3      | Found a radiant altar of Vehumet.
  2014 | D:3      | Found a shattered altar of Ashenzari.
  2171 | D:3      | Identified a +0 rod of shadows (9/9) (You found it on level 2 of the Dungeon)
  2257 | D:4      | Noticed Edmund
  2306 | D:3      | Killed Edmund
  2306 | D:3      | Reached skill level 1 in Shields
  2306 | D:3      | Reached skill level 5 in Unarmed Combat
  2452 | D:4      | Noticed Ocatamai's ghost (amateur NaTm)
  2458 | D:4      | Killed Ocatamai's ghost
  2458 | D:4      | Reached XP level 6. HP: 48/53 MP: 6/6
  2550 | D:4      | Reached skill level 6 in Unarmed Combat
  2694 | D:4      | Reached XP level 7. HP: 44/59 MP: 7/7
  2840 | D:4      | Noticed Pikel
  2848 | D:4      | Killed Pikel
  2848 | D:4      | Reached skill level 7 in Unarmed Combat
  2848 | D:4      | Reached XP level 8. HP: 67/67 MP: 8/8
  3087 | D:5      | Entered Level 5 of the Dungeon
  3179 | D:5      | Reached skill level 5 in Shields
  3342 | D:5      | Reached skill level 8 in Unarmed Combat
  3768 | D:6      | Found a bloodstained altar of Trog.
  4015 | D:6      | Found an opulent altar of Gozag.
  4149 | D:6      | Found a staircase to the Ecumenical Temple.
  4156 | Temple   | Entered the Ecumenical Temple
  4231 | Temple   | Became a worshipper of Yredelemnul the Dark
  4436 | D:6      | Reached skill level 9 in Unarmed Combat
  4436 | D:6      | Reached XP level 9. HP: 55/74 MP: 9/9
  4873 | D:6      | Reached * piety under Yredelemnul
  5183 | D:7      | Reached skill level 10 in Unarmed Combat
  5644 | D:7      | Found a blossoming altar of Fedhas.
  5652 | D:7      | Reached skill level 11 in Unarmed Combat
  6148 | D:8      | Reached XP level 10. HP: 81/81 MP: 10/10
  6346 | D:8      | Got a translucent mace
  6347 | D:8      | Identified the +6 mace of Beyond {crush, +Blink MR+ Int+4} (You found it on level 8 of the Dungeon)
  6438 | D:8      | Reached ** piety under Yredelemnul
  6468 | D:8      | Found a hazy altar of Hepliaklqana.
  6708 | D:8      | Found a shimmering altar of Xom.
  6762 | D:8      | Learned a level 3 spell: Call Canine Familiar
  7583 | D:9      | Reached skill level 12 in Unarmed Combat
  7609 | D:9      | Found a staircase to the Lair.
  7908 | D:9      | Reached *** piety under Yredelemnul
  8184 | Lair:1   | Entered Level 1 of the Lair of Beasts
  8186 | Lair:1   | Found a labyrinth entrance.
  8195 | Lab      | Entered a labyrinth
  8324 | Lab      | Noticed a minotaur
  8339 | Lab      | Killed a minotaur
  8339 | Lab      | Reached skill level 13 in Unarmed Combat
  8388 | Lab      | Got a polished cloak
  8400 | Lab      | Identified the cursed +0 cloak of Pitiv {rN++} (You found it in a labyrinth)
  8480 | Lair:1   | Found a frozen archway.
  8534 | Lair:1   | Reached XP level 11. HP: 88/88 MP: 11/11
  8582 | IceCv    | Entered an ice cave
  8648 | IceCv    | Noticed a white ugly thing
  8672 | IceCv    | Killed a white ugly thing
  8799 | IceCv    | Noticed a white ugly thing
  8898 | IceCv    | Killed a white ugly thing
  8963 | IceCv    | Got translucent ice dragon scales
  8974 | IceCv    | Identified the cursed +1 ice dragon scales of Creativity {rPois rF- rC++ Stlth+} (You found it in an ice cave)
  9306 | Lair:1   | Noticed an eight-headed hydra
  9373 | Lair:1   | Received a gift from Yredelemnul (a mummy)
  9730 | Lair:1   | Reached skill level 1 in Fighting
  9789 | Lair:2   | Noticed Konquest's ghost (journeyman MiBe)
  9804 | Lair:2   | Killed Konquest's ghost
  9804 | Lair:2   | Reached skill level 1 in Armour
  9804 | Lair:2   | Reached skill level 14 in Unarmed Combat
 10007 | Lair:2   | Found a staircase to the Swamp.
 10124 | Lair:2   | Killed an eight-headed hydra
 10243 | Lair:2   | Received a gift from Yredelemnul (a wight)
 10965 | Lair:3   | Found a dark tunnel.
 11006 | Volcano  | Entered a volcano
 11190 | Volcano  | Noticed a lindwurm
 11190 | Volcano  | Noticed a lindwurm
 11365 | Volcano  | Reached XP level 12. HP: 79/107 MP: 12/12
 11930 | Lair:3   | Noticed a four-headed hydra
 11936 | Lair:3   | Killed a three-headed hydra
 12380 | Lair:4   | Noticed Josephine
 12384 | Lair:4   | Reached **** piety under Yredelemnul
 12421 | Lair:4   | Killed Josephine
 12504 | Lair:4   | Reached skill level 5 in Fighting
 12540 | Lair:4   | Reached skill level 5 in Armour
 12549 | Lair:4   | Found a staircase to the Snake Pit.
 12558 | Lair:4   | Reached skill level 15 in Unarmed Combat
 12782 | Lair:4   | Reached skill level 1 in Invocations
 13205 | Lair:4   | Found a white marble altar of Elyvilon.
 13763 | Lair:5   | Noticed a seven-headed hydra
 13770 | Lair:5   | Killed a four-headed hydra
 13770 | Lair:5   | Reached skill level 5 in Invocations
 13855 | Lair:5   | Noticed an eight-headed hydra
 13863 | Lair:5   | Killed a six-headed hydra
 13992 | Lair:5   | Gained mutation: Your spells are a little harder to cast, but a little more powerful. [potion of beneficial mutation]
 14193 | Lair:5   | Reached XP level 13. HP: 98/119 MP: 15/15
 14258 | Lair:5   | Received a gift from Yredelemnul (a wight)
 14377 | Lair:6   | Entered Level 6 of the Lair of Beasts
 14550 | Lair:6   | Noticed Rupert
 14579 | Lair:6   | Killed Rupert
 14767 | Lair:6   | Reached ***** piety under Yredelemnul
 14857 | Lair:6   | Received a gift from Yredelemnul (a wight)
 14937 | Lair:6   | Reached skill level 16 in Unarmed Combat
 15041 | Lair:6   | Learned a level 1 spell: Apportation
 15048 | Lair:6   | Got a clouded ruby amulet
 15049 | Lair:6   | Identified the amulet of Plog {+Rage MP+9 Int+2} (You found it on level 6 of the Lair of Beasts)
 15449 | Lair:6   | Noticed Acetwo5's ghost (journeyman DEFE)
 15540 | Lair:6   | Killed Acetwo5's ghost
 15601 | Lair:6   | Found a staircase to the Slime Pits.
 16042 | D:10     | Entered Level 10 of the Dungeon
 16046 | D:10     | Received a gift from Yredelemnul (a wight)
 16159 | D:10     | Reached skill level 1 in Evocations
 16633 | D:11     | Received a gift from Yredelemnul (5 flying skulls)
 16865 | D:11     | Found a staircase to the Orcish Mines.
 17016 | D:11     | Reached XP level 14. HP: 118/131 MP: 16/16
 17445 | Orc:1    | Entered Level 1 of the Orcish Mines
 17445 | Orc:1    | Noticed Urug
 17603 | D:11     | Killed Urug
 17846 | Orc:1    | Reached skill level 5 in Evocations
 17872 | Orc:1    | Found a roughly hewn altar of Beogh.
 18034 | Orc:2    | Entered Level 2 of the Orcish Mines
 18052 | Orc:2    | Received a gift from Yredelemnul (a vampire)
 18197 | Orc:2    | Found a roughly hewn altar of Beogh.
 18341 | Orc:2    | Found a roughly hewn altar of Beogh.
 18364 | Orc:2    | Found Ashrunn's Armour Shop.
 18472 | Orc:2    | Found a roughly hewn altar of Beogh.
 18514 | Orc:2    | Received a gift from Yredelemnul (4 flying skulls)
 18563 | Orc:2    | Found a roughly hewn altar of Beogh.
 18577 | Orc:2    | Found Kupliann's Distillery.
 18669 | Orc:2    | Found a roughly hewn altar of Beogh.
 18799 | Orc:2    | Found a staircase to the Elven Halls.
 18893 | Orc:2    | Found a roughly hewn altar of Beogh.
 18896 | Orc:2    | Reached ****** piety under Yredelemnul
 18901 | Orc:2    | Received a gift from Yredelemnul (2 flying skulls)
 19084 | Orc:2    | Received a gift from Yredelemnul (a phantasmal warrior)
 19233 | Orc:2    | Noticed an orc warlord
 19271 | Orc:2    | Killed an orc warlord
 19271 | Orc:2    | Received a gift from Yredelemnul (a phantasmal warrior)
 19355 | Orc:2    | Found Mujono's Antique Armour Boutique.
 19384 | Orc:2    | Found a roughly hewn altar of Beogh.
 19388 | Orc:2    | Found Fomed's Antique Weapon Shop.
 19986 | Orc:2    | Bought a potion of heal wounds for 70 gold pieces
 19986 | Orc:2    | Bought a potion of curing for 42 gold pieces
 19986 | Orc:2    | Bought a potion of haste for 140 gold pieces
 19986 | Orc:2    | Bought a potion of curing for 42 gold pieces
 19986 | Orc:2    | Bought a potion of beneficial mutation for 490 gold pieces
 19986 | Orc:2    | Bought a potion of heal wounds for 70 gold pieces
 19986 | Orc:2    | Bought a potion of berserk rage for 70 gold pieces
 19987 | Orc:2    | Gained mutation: Your muscles are strong. (Str +2) [potion of beneficial mutation]
 20081 | D:12     | Received a gift from Yredelemnul (a wraith)
 21050 | D:13     | Found a gate to the Vaults.
 21110 | D:12     | Reached skill level 17 in Unarmed Combat
 21236 | D:12     | Received a gift from Yredelemnul (a vampire)
 21624 | D:13     | Received a gift from Yredelemnul (a wraith)
 22553 | D:14     | Found Uclaricw's Weapon Emporium.
 22614 | D:14     | Received a gift from Yredelemnul (a flayed ghost)
 22650 | D:14     | Reached XP level 15. HP: 99/144 MP: 17/17
 22900 | D:14     | Got a bound platinum amulet
 23233 | D:15     | Entered Level 15 of the Dungeon
 23241 | D:15     | Identified the amulet of Voiteyv {Spirit rC+} (You found it on level 14 of the Dungeon)
 23369 | D:15     | HP: 3/145 [ettin/dire flail (15)]
 23457 | D:15     | Paralysed by an ogre mage for 3 turns
 23628 | D:15     | Found a staircase to the Depths.
 23856 | D:15     | Received a gift from Yredelemnul (a ghoul)
 23930 | D:15     | Found a portal to a secret trove of treasure.
 24476 | D:15     | Reached skill level 18 in Unarmed Combat
 24744 | Swamp:1  | Entered Level 1 of the Swamp
 25680 | Swamp:2  | Noticed Kirke
 25704 | Swamp:2  | Killed Kirke
 25924 | Swamp:2  | Received a gift from Yredelemnul (a skeletal warrior)
 26288 | Swamp:2  | Received a gift from Yredelemnul (a vampire)
 26436 | Swamp:3  | Received a gift from Yredelemnul (a vampire)
 26666 | Swamp:3  | Identified 2 scrolls of acquirement
 26875 | Swamp:2  | Reached skill level 10 in Fighting
 26943 | Swamp:2  | Reached skill level 10 in Armour
 27079 | Swamp:3  | Got steaming ice dragon scales
 27097 | Swamp:3  | Identified the +6 ice dragon scales "Piceecs" {rElec rF- rC++ MR- Regen+} (You acquired it on level 3 of the Swamp)
 27389 | Swamp:3  | Received a gift from Yredelemnul (a skeletal warrior)
 27612 | Swamp:4  | Entered Level 4 of the Swamp
 27668 | Swamp:4  | Noticed a thorn hunter
 27691 | Swamp:4  | Killed a thorn hunter
 27891 | Swamp:4  | Reached XP level 16. HP: 159/159 MP: 18/18
 27893 | Swamp:4  | Noticed a thorn hunter
 27908 | Swamp:4  | Killed a thorn hunter
 28014 | Swamp:4  | Noticed the 27-headed Lernaean hydra
 28020 | Swamp:4  | Noticed a thorn hunter
 28033 | Swamp:4  | Killed a thorn hunter
 28109 | Swamp:4  | Received a gift from Yredelemnul (a skeletal warrior)
 28195 | Swamp:4  | Killed the 27-headed Lernaean hydra
 28208 | Swamp:4  | Noticed a thorn hunter
 28233 | Swamp:4  | Killed a thorn hunter
 28235 | Swamp:4  | Received a gift from Yredelemnul (a skeletal warrior)
 28244 | Swamp:4  | Paralysed by a hornet for 1 turns
 28551 | Swamp:4  | Got a decaying rune of Zot
 28589 | Swamp:4  | Received a gift from Yredelemnul (a skeletal warrior)
 29236 | Snake:1  | Entered Level 1 of the Snake Pit
 29478 | Snake:1  | Received a gift from Yredelemnul (a bone dragon)
 30476 | Snake:2  | Noticed Vashnia
 30672 | Snake:1  | Received a gift from Yredelemnul (a vampire)
 31037 | Snake:2  | Killed Vashnia
 31307 | Snake:2  | Reached XP level 17. HP: 133/175 MP: 19/19
 31622 | Snake:2  | Found Nedamum's Antique Armour Shop.
 31703 | Snake:2  | Received a gift from Yredelemnul (a vampire knight)
 32889 | Snake:3  | Noticed stebl's ghost (adept OgBe)
 33249 | Snake:3  | Killed stebl's ghost
 33431 | Snake:3  | Noticed Saint Roka
 33909 | Snake:2  | Killed Saint Roka
 34219 | Snake:3  | Received a gift from Yredelemnul (a bone dragon)
 34270 | Snake:3  | Received a gift from Yredelemnul (a phantasmal warrior)
 34516 | Snake:3  | Noticed Aizul
 34711 | Snake:3  | Killed Aizul
 34848 | Snake:3  | Learned a level 2 spell: Repel Missiles
 34955 | Snake:3  | Received a gift from Yredelemnul (a vampire)
 35227 | Snake:4  | Entered Level 4 of the Snake Pit
 35501 | Snake:4  | Noticed rjaguar3's ghost (adept MiBe)
 35520 | Snake:4  | Killed rjaguar3's ghost
 35946 | Snake:4  | Reached skill level 19 in Unarmed Combat
 36064 | Snake:4  | Reached XP level 18. HP: 140/187 MP: 20/20
 36214 | Snake:4  | Received a gift from Yredelemnul (a vampire)
 36666 | Snake:4  | Got a serpentine rune of Zot
 37946 | Vaults:1 | Entered Level 1 of the Vaults
 38272 | Vaults:1 | Received a gift from Yredelemnul (a phantasmal warrior)
 38560 | Vaults:1 | Paralysed by an ogre mage for 6 turns
 38583 | Vaults:1 | Received a gift from Yredelemnul (a phantasmal warrior)
 38820 | Vaults:1 | Reached skill level 10 in Shields
 38820 | Vaults:1 | Reached skill level 20 in Unarmed Combat
 39003 | Vaults:1 | Received a gift from Yredelemnul (a vampire)
 39114 | Vaults:1 | Received a gift from Yredelemnul (a profane servitor)
 39657 | Vaults:1 | Reached XP level 19. HP: 165/196 MP: 21/21
 39874 | Vaults:2 | Noticed Boris
 39889 | Vaults:2 | Killed Boris
 40032 | Vaults:2 | Received a gift from Yredelemnul (a skeletal warrior)
 40800 | Vaults:2 | Cast into level 3 of the Abyss (a deep elf sorcerer)
 40803 | Abyss:3  | Found a corrupted altar of Lugonu.
 40875 | Abyss:3  | Received a gift from Yredelemnul (a phantasmal warrior)
 40924 | Abyss:3  | Paralysed by accursed screaming for 1 turns
 40990 | Abyss:3  | Found a corrupted altar of Lugonu.
 41021 | Abyss:3  | Found a deep blue altar of Sif Muna.
 41098 | Abyss:3  | Identified the Disquisition on Calling
 41151 | Vaults:2 | Escaped the Abyss
 41159 | Vaults:2 | Reached skill level 21 in Unarmed Combat
 41339 | Vaults:2 | Received a gift from Yredelemnul (a skeletal warrior)
 42033 | Vaults:3 | Found Bawn's Assorted Antiques.
 42396 | Vaults:3 | Noticed a Tzitzimitl
 42398 | Vaults:3 | Noticed a Brimstone Fiend
 42409 | Vaults:3 | Bought a scroll of teleportation for 90 gold pieces
 42409 | Vaults:3 | Bought a potion of heal wounds for 150 gold pieces
 43138 | Vaults:3 | Reached XP level 20. HP: 192/205 MP: 22/22
 43138 | Vaults:3 | Received a gift from Yredelemnul (a skeletal warrior)
 43208 | Vaults:3 | Noticed particleface's ghost (adept MfGl)
 43276 | Vaults:3 | Killed particleface's ghost
 43444 | Vaults:3 | Received a gift from Yredelemnul (a skeletal warrior)
 43964 | Vaults:3 | HP: 6/205 [stone giant (25)]
 44184 | Vaults:3 | Received a gift from Yredelemnul (a skeletal warrior)
 44285 | Vaults:3 | Found a staircase to the Crypt.
 44529 | Vaults:4 | Reached skill level 22 in Unarmed Combat
 44623 | Vaults:4 | Paralysed by a sphinx for 3 turns
 44794 | Vaults:4 | Noticed Mara
 44809 | Vaults:4 | Received a gift from Yredelemnul (a vampire)
 44827 | Vaults:4 | Noticed FoghornLeghorn's illusion
 45318 | Vaults:4 | Noticed Bai Suzhen
 45496 | Vaults:4 | Noticed FoghornLeghorn's illusion
 45541 | Vaults:4 | Noticed Margery
 45766 | Vaults:3 | Killed Bai Suzhen
 46388 | Depths:1 | Entered Level 1 of the Depths
 46443 | Depths:1 | Got transparent pearl dragon scales
 46454 | Depths:1 | Identified the +7 pearl dragon scales of Vanity {rC+ rN+} (You acquired it on level 1 of the Depths)
 46467 | Depths:1 | Found a gateway to Hell.
 46525 | Depths:1 | Found a magical portal.
 46544 | WizLab   | Entered The Chambers of the Cloud Mage
 46594 | WizLab   | Received a gift from Yredelemnul (a vampire)
 46642 | WizLab   | Received a gift from Yredelemnul (a skeletal warrior)
 46716 | WizLab   | Received a gift from Yredelemnul (a flayed ghost)
 46777 | WizLab   | Received a gift from Yredelemnul (a vampire)
 46992 | WizLab   | Identified the Guide on Air
 47009 | WizLab   | Identified Sif Muna's Volume of Air
 47023 | WizLab   | Learned a level 5 spell: Silence
 47255 | Depths:1 | Reached XP level 21. HP: 213/213 MP: 23/23
 47513 | Depths:1 | Received a gift from Yredelemnul (a vampire)
 48005 | D:11     | Received a gift from Yredelemnul (a phantasmal warrior)
 48162 | Depths:1 | Reached skill level 23 in Unarmed Combat
 48334 | Elf:1    | Entered Level 1 of the Elven Halls
 48351 | Elf:1    | Received a gift from Yredelemnul (a skeletal warrior)
 48788 | Orc:2    | Reached skill level 15 in Shields
 49082 | Elf:1    | Noticed Frances
 49146 | Elf:1    | Killed Frances
 49384 | Elf:1    | Received a gift from Yredelemnul (a vampire knight)
 49899 | Elf:1    | Received a gift from Yredelemnul (a skeletal warrior)
 50131 | Elf:2    | Found a runed gate.
 50131 | Elf:2    | Found a runed gate.
 50152 | Elf:2    | Found a runed gate.
 50273 | Elf:2    | Found Imuonut's Quality Used Wands.
 50281 | Elf:2    | Bought a wand of teleportation (0/9) for 192 gold pieces
 50979 | Depths:1 | Found a gateway to a ziggurat.
 51109 | Depths:1 | Received a gift from Yredelemnul (a ghoul)
 51657 | D:15     | Paralysed by a vampire knight for 4 turns
 51790 | Depths:1 | Received a gift from Yredelemnul (a flayed ghost)
 52020 | Depths:1 | Found a one-way gate to the infinite horrors of the Abyss.
 52049 | Depths:1 | Found a one-way gate leading to the halls of Pandemonium.
 52255 | Depths:2 | Noticed a juggernaut
 52265 | Depths:2 | Killed a juggernaut
 52362 | Depths:2 | Received a gift from Yredelemnul (a skeletal warrior)
 52369 | Depths:2 | Noticed a caustic shrike
 52376 | Depths:2 | Killed a caustic shrike
 52386 | Depths:2 | Noticed a caustic shrike
 52414 | Depths:1 | Killed a caustic shrike
 52522 | Depths:2 | Reached XP level 22. HP: 219/222 MP: 27/27
 53066 | Depths:1 | Received a gift from Yredelemnul (a skeletal warrior)
 53579 | Depths:2 | Received a gift from Yredelemnul (a flayed ghost)
 53656 | Depths:2 | Noticed Nikola
 53666 | Depths:2 | Killed Nikola
 54112 | Depths:2 | Noticed a caustic shrike
 54136 | Depths:2 | Killed a caustic shrike
 54505 | Depths:3 | Received a gift from Yredelemnul (a phantasmal warrior)
 55436 | Depths:3 | Received a gift from Yredelemnul (a skeletal warrior)
 55477 | Depths:3 | Noticed Jorgrun
 55487 | Depths:3 | Killed Jorgrun
 55692 | Depths:3 | Found Bifall's Magic Scroll Shop.
 55696 | Depths:3 | Found Tudwap Helo's Food Boutique.
 55697 | Depths:3 | Found Qairih's Weapon Shop.
 55708 | Depths:3 | Bought a scroll of teleportation for 69 gold pieces
 55708 | Depths:3 | Bought a scroll of fog for 46 gold pieces
 55708 | Depths:3 | Bought a scroll of enchant armour for 172 gold pieces
 55708 | Depths:3 | Bought a scroll of blinking for 172 gold pieces
 55708 | Depths:3 | Bought a scroll of teleportation for 69 gold pieces
 55817 | Depths:1 | Received a gift from Yredelemnul (a vampire)
 55822 | Depths:1 | Reached skill level 15 in Armour
 56311 | Depths:3 | Noticed Louise
 56314 | Depths:3 | Killed Louise
 56347 | Depths:3 | Reached skill level 15 in Fighting
 56435 | Depths:3 | Received a gift from Yredelemnul (a flayed ghost)
 57346 | Depths:4 | Noticed Xtahua
 57355 | Depths:4 | Killed Xtahua
 57355 | Depths:4 | Reached XP level 23. HP: 235/235 MP: 28/28
 57375 | Depths:4 | Received a gift from Yredelemnul (a skeletal warrior)
 57875 | Depths:4 | Reached skill level 5 in Dodging
 57970 | Depths:4 | Received a gift from Yredelemnul (a vampire)
 58358 | Depths:4 | Received a gift from Yredelemnul (a skeletal warrior)
 58723 | Depths:5 | Entered Level 5 of the Depths
 58772 | Depths:5 | Received a gift from Yredelemnul (a vampire)
 59180 | Depths:5 | Received a gift from Yredelemnul (a ghoul)
 59376 | Depths:5 | Found a gate to the Realm of Zot.
 59719 | Depths:5 | Found a gateway to a bazaar.
 59733 | Bazaar   | Entered a bazaar
 59762 | Bazaar   | Found Hegesol's Antique Weapon Emporium.
 59762 | Bazaar   | Found Tothuj's Antique Armour Emporium.
 59792 | Bazaar   | Found Dughuodese's Assorted Antiques.
 59792 | Bazaar   | Found Rayskut's Weapon Shoppe.
 59798 | Bazaar   | Bought a large copper amulet for 80 gold pieces
 59944 | Depths:5 | Noticed a juggernaut
 59962 | Depths:5 | Killed a juggernaut
 60543 | Slime:1  | Entered Level 1 of the Pits of Slime
 60650 | Slime:3  | Received a gift from Yredelemnul (a vampire knight)
 60895 | Slime:5  | Entered Level 5 of the Pits of Slime
 60950 | Slime:5  | Received a gift from Yredelemnul (a skeletal warrior)
 61175 | Slime:4  | Gained mutation: You are frail. (-10% HP) [a shining eye]
 61181 | Slime:4  | Gained mutation: You are very frail. (-20% HP) [a shining eye]
 61185 | Slime:4  | Received a gift from Yredelemnul (a phantasmal warrior)
 61189 | Slime:4  | Gained mutation: You occasionally shout uncontrollably at your foes. [a shining eye]
 61190 | Slime:4  | HP: 7/192 [azure jelly (14)]
 61192 | Slime:4  | Mangled by a large slime creature

Skill      XL: |  1  2  3  4  5  6  7  8  9 10 11 12 13 14 15 16 17 18 19 20 21 22 23 |
---------------+----------------------------------------------------------------------+-----
Unarmed Combat | 1 2 3 4 5 6 7 9 11 13 14 15 16 17 18 19 20 21 22 23 | 23.3
Shields        | 2 3 4 6 7 8 9 10 12 14 15 | 15.0
Fighting       | 3 5 6 8 10 12 13 15 16 | 16.8
Armour         | 3 5 6 8 10 12 13 15 | 15.0
Invocations    | 5 9 |  9.0
Evocations     | 4 5 7 |  7.9
Dodging        | 4 9 |  9.3
Stealth        | |  1.0
Spellcasting   | |  1.2
Summonings     | |  2.9

Action                   |  1- 3 |  4- 6 |  7- 9 | 10-12 | 13-15 | 16-18 | 19-21 | 22-24 || total
-------------------------+-------+-------+-------+-------+-------+-------+-------+-------++-------
Melee: Unarmed           |    77 |   189 |   308 |   757 |  1665 |  1685 |  2027 |  1272 ||  7980
       Punch             |       |     2 |       |       |       |       |       |       ||     2
       Mace              |       |       |       |     5 |       |       |       |       ||     5
       Scimitar          |       |       |       |     9 |    63 |    41 |       |       ||   113
 Cast: Summon Small Mamm |     1 |     5 |       |     4 |       |       |       |       ||    10
       Call Canine Famil |       |       |       |     1 |       |       |       |       ||     1
Invok: Animate Remains   |       |       |     7 |    10 |       |       |       |       ||    17
       Animate Dead      |       |       |       |    18 |    10 |    22 |    21 |    14 ||    85
       Injury Mirror     |       |       |       |     1 |       |     1 |       |       ||     2
       Recall Undead Sla |       |       |       |       |     5 |     3 |     4 |       ||    12
       Drain Life        |       |       |       |       |     2 |    11 |     7 |     2 ||    22
       Stop Recall       |       |       |       |       |     1 |     1 |     3 |       ||     5
       Enslave Soul      |       |       |       |       |       |       |       |     1 ||     1
 Abil: Evoke Berserk Rag |       |       |       |       |       |     4 |     1 |     3 ||     8
Evoke: Rod               |       |     2 |     6 |    12 |     2 |     4 |       |       ||    26
       Wand              |       |       |       |     5 |     1 |     1 |     5 |     1 ||    13
       Phial of floods   |       |       |       |       |       |     1 |     1 |       ||     2
       Sack of spiders   |       |       |       |       |       |       |     1 |       ||     1
  Use: Scroll            |       |     4 |     4 |    17 |    11 |     9 |    14 |     8 ||    67
       Potion            |       |       |       |     4 |     3 |     9 |     6 |    10 ||    32
 Stab: Sleeping          |     2 |     1 |     2 |     1 |       |       |       |       ||     6
       Distracted        |       |       |       |     2 |     3 |    14 |    15 |    10 ||    44
       Paralysed         |       |       |       |       |       |     1 |       |     1 ||     2
  Eat: Chunk             |    15 |    16 |    32 |    66 |   126 |    68 |   118 |    75 ||   516
       Meat ration       |       |       |       |     4 |       |     1 |     1 |     2 ||     8
       Pizza             |       |       |       |     1 |       |       |       |     1 ||     2
       Beef jerky        |       |       |       |     1 |       |     1 |       |       ||     2
       Bread ration      |       |       |       |       |     2 |     9 |       |       ||    11
       Royal jelly       |       |       |       |       |     1 |     3 |     1 |       ||     5
       Fruit             |       |       |       |       |       |     2 |       |       ||     2
Armor: Robe              |    22 |    28 |       |    10 |     1 |       |       |       ||    61
       Animal skin       |       |    22 |    42 |    68 |       |       |       |       ||   132
       Ice dragon scales |       |       |       |   116 |   261 |   405 |   465 |       ||  1247
       Storm dragon scal |       |       |       |       |   358 |   417 |       |       ||   775
       Pearl dragon scal |       |       |       |       |       |       |   243 |   406 ||   649
Dodge: Dodged            |    25 |    55 |    75 |   212 |   409 |   449 |   444 |   258 ||  1927
Block: Shield            |       |    27 |   113 |   328 |   857 |   694 |       |       ||  2019
       Large shield      |       |       |       |       |       |   302 |  1587 |  1097 ||  2986
       Rpst.: Scimitar   |       |       |       |     1 |     5 |     7 |       |       ||    13
